 Dungeon Crawl Stone Soup version 0.29-a0-206-g4a66f2e2b5 (webtiles) character file.

Game seed: 15788367864956275494

38567 Hasart the Archer (level 13, -12/113 HPs)
             Began as a Demigod Hunter on Feb 23, 2022.
             Mangled by a polar bear (17 damage)
             ... in an ice cave.
             The game lasted 00:41:42 (19718 turns).

Hasart the Archer (Demigod Hunter)                 Turns: 19718, Time: 00:41:43

Health: -12/113    AC:  9    Str: 13    XL:     13   Next: 31%
Magic:  16/16      EV: 21    Int: 21    God:
Gold:   1381       SH:  0    Dex: 25    Spells: 12/12 levels left

rFire   + + .      SeeInvis .   c - +3 longbow (freeze)
rCold   + + .      Faith    +   (shield currently unavailable)
rNeg    . . .      Spirit   .   x - +2 robe {rC+ rF+}
rPois   +          Reflect  .   (no helmet)
rElec   .          Harm     .   r - +0 cloak
rCorr   .          Rampage  .   k - +2 pair of gloves
Will    +....                   e - +0 pair of boots {Fly}
Stlth   ++++++....              K - amulet of Zueghe Jaceh {Faith rPois rF+ Int+4}
HPRegen 0.28/turn               J - ring of Gozag's Felicitations {Int+4 Dex-5 Slay+4 Stlth+}
MPRegen 0.15/turn               d - ring of protection from cold

@: flying
A: high MP 1, forlorn, divine attributes
a: no special abilities


You were in an ice cave.
You visited 2 branches of the dungeon, and saw 15 of its levels.
You also visited: Bailey, Gauntlet and Ice Cave.

You collected 1561 gold pieces.
You spent 180 gold pieces at shops.

Inventory:

Hand Weapons
 a - a +1 shortbow
 c - a +3 longbow of freezing (weapon)
Missiles
 g - a throwing net
Armour
 b - a +1 pair of boots
 e - a +0 pair of boots of flying (worn)
 k - a +2 pair of gloves (worn)
 q - +0 steam dragon scales
 r - a +0 cloak (worn)
 x - a +2 robe of resistance (worn)
Jewellery
 d - a ring of protection from cold (right hand)
 s - an amulet of magic regeneration
 z - a ring of magical power
 A - a +6 ring of dexterity
 E - a ring of positive energy
 H - the ring "Ceuwniow" {Wiz rElec}
   (You found it in a Gauntlet)

   [ring of wizardry]

   It improves your spell success rate.
   rElec:     It insulates you from electricity.
 J - the ring of Gozag's Felicitations (left hand) {Int+4 Dex-5 Slay+4 Stlth+}
   (You took it off a minotaur in a Gauntlet)

   [ring of slaying]

   Int:       It affects your intelligence (+4).
   Dex:       It affects your dexterity (-5).
   Slay:      It affects your accuracy & damage with ranged weapons and melee
   (+4).
   Stlth:     It makes you more stealthy.
 K - the amulet of Zueghe Jaceh (around neck) {Faith rPois rF+ Int+4}
   (You found it in a Gauntlet)

   [amulet of faith]

   It allows you to gain divine favour quickly.
   Int:       It affects your intelligence (+4).
   rF:        It protects you from fire.
   rPois:     It protects you from poison.
 Q - a ring of poison resistance
Wands
 i - a wand of flame (31)
 u - a wand of charming (5)
 y - a wand of paralysis (9)
 I - a wand of digging (9)
 L - a wand of acid (16)
 M - a wand of iceblast (4)
Scrolls
 h - 4 scrolls of teleportation
 m - 6 scrolls of vulnerability
 v - 2 scrolls of holy word
 B - 2 scrolls of identify
 D - a scroll of fog
 N - a scroll of amnesia
 P - 2 scrolls of enchant armour
Potions
 f - 4 potions of flight
 j - a potion of invisibility
 l - 5 potions of brilliance
 n - 2 potions of might
 o - 3 potions of resistance
 t - 2 potions of mutation
 w - a potion of attraction
 C - 6 potions of curing
 F - 4 potions of haste
 G - 2 potions of cancellation


   Skills:
 + Level 9.9 Fighting
 * Level 14.0 Bows
 + Level 9.8 Dodging
 + Level 10.5 Stealth
 - Level 5.0 Evocations


You had 12 spell levels left.
You didn't know any spells.
Your spell library contained the following spells:

 Spells                   Type           Power      Damage    Failure   Level
 Animate Skeleton         Necr           0%         N/A       19%         1
 Apportation              Tloc           0%         N/A       19%         1
 Slow                     Hex            0%         N/A       19%         1
 Summon Small Mammal      Summ           0%         N/A       19%         1
 Confusing Touch          Hex            0%         N/A       47%         3
 Conjure Flame            Conj/Fire      0%         6-21      47%         3
 Ignite Poison            Fire/Tmut/Pois 0%         N/A       47%         3
 Vampiric Draining        Necr           0%         2d6       47%         3
 Animate Dead             Necr           0%         N/A       87%         4
 Sticky Flame             Conj/Fire      0%         2d3       87%         4
 Alistair's Intoxication  Tmut/Pois      0%         N/A       99%         5
 Borgnjor's Vile Clutch   Necr/Erth      0%         N/A       99%         5
 Summon Forest            Summ/Tloc      0%         N/A       99%         5
 Death Channel            Necr           0%         N/A       100%        6
 Eringya's Noxious Bog    Tmut/Pois      0%         N/A       100%        6
 Malign Gateway           Summ/Tloc      0%         N/A       100%        7
 Summon Horrible Things   Summ           0%         N/A       100%        8


Dungeon Overview and Level Annotations

Branches:
Dungeon (10/15)              Lair (5/6) D:10          Swamp (0/4) Lair:4
  Snake (0/4) Lair:4          Orc (0/2) D:10         Bailey (visited)
  IceCv (1/1)             Gauntlet (visited)
 Temple: D:4-7        Slime: Lair:5-6

Shops:
D:6 [   D:9 (

Annotations:
D:5 Dowan, Duvessa, Prince Ribbit
D:6 3 runed translucent doors, bmj180's ghost, novice MfIE
D:9 1 transporter
D:10 Urug


Innate Abilities, Weirdness & Mutations

You have an increased reservoir of magic. (+10% MP)
You shall have no god before yourself.
Your divine heritage dramatically boosts your attributes as you level up.


Message History

The polar bear bites you! The polar bear misses you.
The polar bear closely misses you. x2
The polar bear claws you but does no damage.
The polar bear misses you.
Shoot: c) +3 longbow (freeze)
Press: ? - help, Q - select action, (/) - cycle Shift-Dir - straight line, f/p - polar bear
Aim: a polar bear (water, severely wounded, berserk, 80% to hit)
You shoot an arrow. The arrow hits the polar bear!
The arrow freezes the polar bear.
The polar bear is almost dead.
The polar bear closely misses you. The polar bear barely misses you.
The polar bear closely misses you.
Shoot: c) +3 longbow (freeze)
Press: ? - help, Q - select action, (/) - cycle Shift-Dir - straight line, f/p - polar bear
Aim: a polar bear (water, almost dead, berserk, 80% to hit)
You shoot an arrow.
The arrow hits the polar bear but does no damage.
The polar bear is almost dead.
The polar bear bites you. The polar bear closely misses you. x2
The polar bear bites you!!
* * * LOW HITPOINT WARNING * * *
The polar bear claws you.
* * * LOW HITPOINT WARNING * * *
The polar bear closely misses you.
Aiming: Corrosive Bolt
Press: ? - help, Shift-Dir - straight line, f/p - polar bear
Aim: a polar bear (water, almost dead, berserk, 81% to hit)
Okay, then.
Press: ? - help, v - describe, . - travel
Here: a polar bear (water, almost dead, berserk) Some ice crusted deep water.
A polar bear is nearby!
Shoot: c) +3 longbow (freeze)
Press: ? - help, Q - select action, (/) - cycle Shift-Dir - straight line, f/p - polar bear
Aim: a polar bear (water, almost dead, berserk, 80% to hit)
You shoot an arrow. The arrow hits the polar bear!
The arrow freezes the polar bear.
The polar bear is almost dead.
The polar bear bites you!
You die...

#†## #h## #. ##p### #∩#
#.#.####.# #.p..##≈.##
##.#.##≈≈≈##
#.###.#≈≈≈≈##
#..##.#≈≈≈≈≈#
##.#..#≈h@≈≈# ###
#..#.##≈≈≈≈## ######.#
###..p≈#[≈≈≈≈≈#
##.##...##
#)..#≈#†.≈≈≈≈##
##...#..#.#
#[..#≈≈h#≈≈≈##
##..#..#.##.
#...##≈≈#≈≈##
##...#..####.
#####≈≈##≈≈#
###..###.#####.
###≈≈######....##..#..##.
#≈≈#≈#####...#.###....##.


You could see a polar bear (berserk) and a wolf.

Vanquished Creatures
  A minotaur (Gauntlet)
  2 hydras
  Erolcha (D:10)
  A boulder beetle (Lair:2)
  A catoblepas (Lair:4)
  An ironbound frostheart (IceCv)
  3 death yaks (IceCv)
  2 two-headed ogres
  2 bog bodies (Lair:4)
  A lindwurm (Lair:4)
  An oklob plant (Lair:2)
  6 elephants
  An ice statue (IceCv)
  A black mamba (Lair:3)
  An eye of devastation (Gauntlet)
  A gargoyle (D:10)
  8 cane toads
  2 minotaur zombies (Gauntlet)
  A torpor snail (Lair:3)
  5 rime drakes
  3 komodo dragons
  8 polar bears
  A hornet (Lair:4)
  16 blink frogs
  Sigmund (D:5)
  36 yaks
  A wraith (D:9)
  4 steam dragons
  3 basilisks
  A redback (Gauntlet)
  2 fire elementals (Gauntlet)
  A golden eye (Gauntlet)
  Menkaure (D:4)
  4 nagas (Lair:4)
  13 water moccasins
  A hell hound (Gauntlet)
  6 orc warriors
  4 black bears
  An ice beast (D:6)
  A sky beast (D:6)
  32 wolves
  3 centaurs
  A phantom (D:7)
  A kobold brigand (D:8)
  6 bullfrogs
  15 killer bees
  An electric eel (Lair:4)
  7 wights
  3 howler monkeys (D:10)
  A centaur zombie (D:9)
  2 jellies
  3 bullfrog zombies
  A centaur skeleton (D:6)
  A hound (D:5)
  3 bullfrog skeletons
  2 orc priests (D:6)
  2 gnoll shamans
  Ijyb (D:5)
  4 orc wizards
  13 gnolls
  9 adders
  A white imp (D:7)
  3 adder skeletons (D:4)
  3 dart slugs
  23 orcs
  3 ball pythons
  4 endoplasms
  3 giant cockroaches
  7 goblins
  7 hobgoblins
  4 jackals (D:2)
  3 quokkas
  7 bats
  3 frilled lizards (D:2)
  A jackal skeleton (D:4)
  31 kobolds
  5 rats
  A bush (Lair:2)
370 creatures vanquished.

Vanquished Creatures (collateral kills)
  A moth of wrath (Gauntlet)
  An efreet (Gauntlet)
  A fire elemental (Gauntlet)
  2 redbacks (Gauntlet)
  A hell hound (Gauntlet)
6 creatures vanquished.

Vanquished Creatures (others)
  A redback (Gauntlet)
  31 fungi
  30 plants
62 creatures vanquished.

Grand Total: 438 creatures vanquished

Notes
Turn   | Place    | Note
-------+----------+-------------------------------------------
     0 | D:1      | Hasart the Demigod Hunter began the quest for the Orb.
     0 | D:1      | Reached XP level 1. HP: 17/17 MP: 3/3
    47 | D:1      | Reached skill level 1 in Stealth
   277 | D:1      | Reached XP level 2. HP: 21/24 MP: 4/4
   578 | D:2      | Reached skill level 4 in Bows
   846 | D:2      | Reached XP level 3. HP: 29/29 MP: 5/5
  1931 | D:3      | Reached XP level 4. HP: 37/37 MP: 6/6
  2695 | D:4      | Noticed Menkaure
  2705 | D:4      | Killed Menkaure
  2706 | D:4      | Reached XP level 5. HP: 12/44 MP: 7/7
  3039 | D:4      | Reached skill level 5 in Bows
  3451 | D:4      | Reached XP level 6. HP: 37/51 MP: 8/8
  4012 | D:5      | Entered Level 5 of the Dungeon
  4019 | D:5      | Noticed Sigmund
  4027 | D:5      | Killed Sigmund
  4206 | D:5      | Noticed Prince Ribbit
  4331 | D:5      | Reached XP level 7. HP: 57/57 MP: 9/9
  4491 | D:5      | Noticed Ijyb
  4497 | D:5      | Paralysed by Ijyb for 3 turns
  4506 | D:5      | Killed Ijyb
  4582 | D:5      | Noticed Duvessa
  4589 | D:5      | Noticed Dowan
  4945 | D:6      | Reached skill level 1 in Evocations
  4960 | D:6      | Reached skill level 6 in Bows
  5153 | D:6      | Noticed bmj180's ghost (novice MfIE)
  5154 | D:6      | Found a runed translucent gate.
  5154 | D:6      | Found a runed translucent gate.
  5154 | D:6      | Found a runed translucent gate.
  5738 | D:6      | Reached XP level 8. HP: 60/66 MP: 10/10
  5995 | D:6      | Found Utzixuerr's Antique Armour Boutique.
  5998 | D:6      | Bought a pair of runed gloves for 180 gold pieces
  6480 | D:7      | Reached skill level 7 in Bows
  6652 | D:7      | Found a flagged portal.
  6663 | Bailey   | Entered a bailey
  6664 | Bailey   | Identified a scroll of acquirement
  6664 | Bailey   | Acquired a +1 longbow of freezing
  7003 | Bailey   | Reached skill level 5 in Stealth
  7146 | Bailey   | Got the Almanac of Twisted Toxins
  7584 | D:7      | Reached skill level 5 in Fighting
  7584 | D:7      | Reached skill level 5 in Dodging
  7584 | D:7      | Reached XP level 9. HP: 74/74 MP: 11/11
  7984 | D:8      | Reached skill level 8 in Bows
 10135 | D:9      | Reached skill level 9 in Bows
 10135 | D:9      | Reached XP level 10. HP: 83/83 MP: 13/13
 10469 | D:9      | Found Kene's Weapon Shop.
 10698 | D:9      | Noticed a two-headed ogre
 10704 | D:9      | Killed a two-headed ogre
 10705 | D:9      | Reached skill level 5 in Evocations
 10880 | D:9      | Found a transporter.
 11110 | D:10     | Entered Level 10 of the Dungeon
 11204 | D:10     | Noticed a two-headed ogre
 11211 | D:10     | Killed a two-headed ogre
 11217 | D:10     | Found a staircase to the Orcish Mines.
 11547 | D:10     | Noticed Erolcha
 11552 | D:10     | Killed Erolcha
 11553 | D:10     | Reached skill level 10 in Bows
 11631 | D:10     | Noticed Urug
 11631 | D:10     | Noticed a green ugly thing
 11654 | D:10     | Found a staircase to the Lair.
 11654 | D:10     | Identified the +9 falchion of Wuepaik {flame, Str+2}
 11683 | Lair:1   | Entered Level 1 of the Lair of Beasts
 11924 | Lair:1   | Reached XP level 11. HP: 69/92 MP: 14/14
 13276 | Lair:2   | Noticed a boulder beetle
 13390 | Lair:3   | Reached skill level 11 in Bows
 13400 | Lair:3   | Found a gate leading to a gauntlet.
 13416 | Gauntlet | Entered a Gauntlet
 13416 | Gauntlet | Found a transporter.
 13416 | Gauntlet | Found a runed translucent door.
 13416 | Gauntlet | Found a transporter.
 13418 | Gauntlet | Found a runed translucent door.
 13419 | Gauntlet | Found a transporter.
 13422 | Gauntlet | Found a transporter.
 13422 | Gauntlet | Found a transporter.
 13464 | Gauntlet | Found a transporter.
 13467 | Gauntlet | Found a transporter.
 13467 | Gauntlet | Found a transporter.
 13481 | Gauntlet | Found a transporter.
 13499 | Gauntlet | Found a transporter.
 13501 | Gauntlet | Noticed a blizzard demon
 13510 | Gauntlet | Found the +3 hat of Pondering {ponderous, Will+ MP+10
                  | Int+5}
 13510 | Gauntlet | Noticed a hell hog
 13512 | Gauntlet | Found a transporter.
 13524 | Gauntlet | Found a transporter.
 13544 | Gauntlet | Found a transporter.
 13558 | Gauntlet | Found a transporter.
 13609 | Gauntlet | Identified the ring "Ceuwniow" {Wiz rElec}
 13721 | Gauntlet | Identified the amulet of Zueghe Jaceh {Faith rPois rF+
                  | Int+4}
 13792 | Gauntlet | Identified the ring of Gozag's Felicitations {Int+4 Dex-5
                  | Slay+4 Stlth+}
 13792 | Gauntlet | Noticed a minotaur
 13810 | Gauntlet | Killed a minotaur
 14343 | Lair:3   | Noticed a four-headed hydra
 14348 | Lair:3   | Killed a four-headed hydra
 15289 | Lair:2   | Reached skill level 12 in Bows
 15308 | Lair:2   | Reached XP level 12. HP: 103/103 MP: 15/15
 15370 | Lair:2   | Killed a boulder beetle
 15405 | Lair:2   | Noticed a seven-headed hydra
 15410 | Lair:2   | Killed a seven-headed hydra
 16711 | Lair:4   | Found a staircase to the Snake Pit.
 16734 | Lair:4   | Found a staircase to the Swamp.
 16771 | Lair:4   | Reached skill level 13 in Bows
 17663 | Lair:5   | Noticed a catoblepas
 17727 | Lair:4   | Killed a catoblepas
 18049 | Lair:5   | Reached skill level 10 in Stealth
 18118 | Lair:5   | Found a frozen archway.
 18133 | IceCv    | Entered an ice cave
 18290 | IceCv    | Reached XP level 13. HP: 111/111 MP: 16/16
 19706 | IceCv    | Reached skill level 14 in Bows
 19717 | IceCv    | HP: 5/113 [polar bear (4)]
 19718 | IceCv    | Mangled by a polar bear

Illustrated notes

Levels and vault maps discovered:
D:1:      lemuel_arrival_muddy, layout_basic, chequers_ecumenical_altar_island
D:2:      layout_loops_corners, minivault_24
D:3:      layout_loops_corners, grunt_temple_overflow_open,
          nicolae_overflow_hidden_temple
D:4:      layout_loops_corners, mainiacjoe_overflow_small_starburst,
          zin_treasury, uniq_menkaure
D:5:      layout_basic, minmay_temple_entry_grid, abandoned_shop, uniq_ijyb,
          uniq_prince_ribbit1, uniq_duvessa, uniq_sigmund
D:6:      layout_cave_pools, lemuel_round_altar, serial_shops,
          kennysheep_mini_moat, gammafunk_ghost_split,
          hangedman_decor_clover_reticule
D:7:      layout_basic, grunt_dithmenos_smoke_and_mirrors, enter_bailey_2,
          hangedman_decor_diamond_cutter
D:8:      layout_loops_ring, mainiacjoe_overflow_paths
D:9:      layout_layer_cave, grunt_nemelex_the_gamble, serial_shops,
          nicolae_shop_competitors_out_of_business, grunt_ministairs_10
D:10:     layout_loops_ring, lair_entry_dummy, orc_0_dummy,
          serial_co_window_serial, co_window_corner_a, co_window_paths_b,
          co_window_paths_a, co_window_corner_a, co_window_paths_b,
          co_window_paths_b, co_window_broadway_a, co_window_corner_b,
          co_window_paths_c, co_window_corner_b, glass_columns_c, uniq_erolcha,
          uniq_urug
Lair:1:   layout_cave_pods, beast_lair_carwin_9, grunt_megastairs_1
Lair:2:   layout_cave_pods, serial_rivers, chequers_serial_rivers_room_b,
          chequers_serial_rivers_micro_a, chequers_serial_rivers_micro_c,
          chequers_serial_rivers_small_b, chequers_serial_rivers_micro_b,
          chequers_serial_rivers_micro_e, minmay_lair_oklob_items,
          infiniplex_staircase_pool_2, serial_bayou_shore_b,
          serial_bayou_shore_b
Lair:3:   layout_concentric_octagons, gauntlet_entry_generic, lemuel_fruit_tree
Lair:4:   layout_roguey, skrybe_swamp_entry_bodies,
          minmay_snake_entry_guardpost_small, gammafunk_lair_bear_cave
Lair:5:   layout_layer_cave, portal_ice_cave_rime, grunt_megastairs_5
IceCv:    ice_cave_caverns_03

Skill      XL: |  1  2  3  4  5  6  7  8  9 10 11 12 13 |
---------------+----------------------------------------+-----
Stealth        | 1 2 3 4 5 6 7 8 10 | 10.5
Fighting       | 2 3 4 5 6 7 8 9 |  9.9
Dodging        | 2 3 4 5 7 8 9 |  9.8
Bows           | 4 5 6 7 9 10 12 13 14 | 14.0
Evocations     | 2 3 4 5 |  5.0

Action                   |  1- 3 |  4- 6 |  7- 9 | 10-12 | 13-15 || total
-------------------------+-------+-------+-------+-------+-------++-------
Melee: Unarmed           |       |       |     5 |       |       ||     5
       Shortbow          |       |       |     1 |       |       ||     1
       Longbow           |       |       |       |    35 |       ||    35
 Fire: Shortbow          |   105 |   145 |   232 |       |       ||   482
       Longbow           |       |       |   187 |   514 |   172 ||   873
Evoke: Wand              |       |       |     4 |     2 |       ||     6
  Use: Potion            |       |     2 |     2 |     4 |     1 ||     9
       Scroll            |       |       |    15 |    10 |       ||    25
Armor: Leather armour    |     9 |     7 |       |       |       ||    16
       Robe              |       |     1 |    55 |    45 |    31 ||   132
       Skin              |       |       |       |       |     8 ||     8
Dodge: Dodged            |    18 |    62 |   181 |   204 |   147 ||   612

Table legend: (Time is in decaauts)
 A = Elapsed time spent in this place.
 B = Non-inter-level travel time spent in this place.
 C = Inter-level travel time spent in this place.
 D = Time resting spent in this place.
 E = Time spent auto-exploring this place.
 F = Levels seen in this place.
 G = Mean time per level.
                   A        B        C        D        E       F      G
               +--------+--------+--------+--------+--------+-----+--------+
         Total |  20054 |  19429 |    625 |   3116 |  12132 |  18 | 1114.1 |
       Dungeon |  11303 |  10891 |    412 |   1591 |   7320 |  10 | 1130.3 |
          Lair |   5665 |   5452 |    213 |    562 |   3829 |   5 | 1133.0 |
        Bailey |    599 |    599 |      0 |    205 |     28 |   1 |  599.0 |
      Ice Cave |   1607 |   1607 |      0 |    712 |    560 |   1 | 1607.0 |
      Gauntlet |    879 |    879 |      0 |     45 |    395 |   1 |  879.0 |
               +--------+--------+--------+--------+--------+-----+--------+

Top non-repeatable levels by time:
     D:8: 1936 daAuts
     D:4: 1670 daAuts
   IceCv: 1607 daAuts
  Lair:4: 1561 daAuts
     D:9: 1348 daAuts
  Lair:2: 1348 daAuts
  Lair:1: 1346 daAuts
     D:6: 1324 daAuts
  Lair:3: 1161 daAuts
     D:7: 1134 daAuts
     D:2: 1053 daAuts
     D:3: 1031 daAuts
Gauntlet: 879 daAuts
     D:5: 674 daAuts
  Bailey: 599 daAuts
